 Dungeon Crawl Stone Soup version 0.27-a0-1312-g5cdb2b3542 (webtiles) character file.

Game seed: 17419487493306050643

186 spiderkeys the Sneak (level 5, -1/37 HPs)
             Began as an Octopode Abyssal Knight on June 20, 2021.
             Was a Follower of Lugonu.
             Slain by an ice beast (2 damage)
             ... on level 3 of the Dungeon.
             The game lasted 00:04:45 (3083 turns).

spiderkeys the Sneak (Octopode Abyssal Knight)      Turns: 3083, Time: 00:04:46

Health: -1/37      AC:  1    Str: 12    XL:     5   Next: 65%
Magic:  7/7        EV: 13    Int: 14    God:    Lugonu [*.....]
Gold:   178        SH:  0    Dex: 12    Spells: 4/4 levels left

rFire    . . .     SeeInvis .   a - +1 spear
rCold    . . .     Faith    .   (no shield)
rNeg     . . .     Spirit   .   (helmet restricted)
rPois    .         Reflect  .   f - amulet of magic regeneration
rElec    .         Harm     .   (no ring)
rCorr    .         Rampage  .   (no ring)
Will     .....                  (no ring)
Stlth    +++.......             (no ring)
HPRegen  0.12/turn              (no ring)
MPRegen  0.35/turn              (no ring)
                                (no ring)
                                (no ring)

@: no status effects
A: almost no armour, amphibious, 8 rings, camouflage 1, gelatinous body 1,
(nimble swimmer 1), tentacles
a: Renounce Religion, Depart the Abyss


You were on level 3 of the Dungeon.
You worshipped Lugonu.
Lugonu was aware of your devotion.
You visited 1 branch of the dungeon, and saw 3 of its levels.
You visited the Abyss 1 time.

You collected 178 gold pieces.


Innate Abilities, Weirdness & Mutations

You cannot wear most types of armour.
You are amphibious.
You can wear up to eight rings at the same time.
Your skin changes colour to match your surroundings (Stealth+).
Your rubbery body absorbs attacks. (AC +1, EV +1)
((You are camouflaged near water. (Stealth+)))
You have tentacles for arms and can constrict up to eight enemies at once.


   Skills:
 + Level 3.8 Fighting
 + Level 3.0 Polearms
 + Level 3.0 Dodging
 + Level 3.8 Stealth
 + Level 3.2 Invocations


You had 4 spell levels left.
You didn't know any spells.
Your spell library was empty.

Inventory:

Hand Weapons
 a - a +1 spear (weapon)
Missiles
 e - 33 arrows
 h - 46 stones
 m - 19 sling bullets
 n - 10 poisoned darts
Jewellery
 f - an amulet of magic regeneration (around mantle)
   (You found it on level 1 of the Dungeon)
Wands
 i - a wand of flame (9)
   (You took it off Terence on level 2 of the Dungeon)
 s - a wand of polymorph (6)
   (You found it on level 3 of the Dungeon)
Scrolls
 c - a scroll of vulnerability {!r!r}
 d - 3 scrolls of fog
 p - a scroll of enchant armour
 q - a scroll of fear
 r - 2 scrolls of enchant weapon
 t - a scroll of identify {@r1}
Potions
 b - a potion of flight {unknown}
 g - a potion of degeneration {unknown}
 j - a potion of attraction {unknown}
 k - a potion of brilliance {unknown}
 l - a potion of magic {unknown}
 o - a potion of lignification {unknown}

Dungeon Overview and Level Annotations

Branches:
Dungeon (3/15)

Altars:

#.# #.# #.# .. #.#
#.# #.# .. #.# #.#
##^## #.. #...#
#.##...# #Y@#...#
#.#.#...# ..
#.##.## ## #..#.#
##.#.#############
#.#.##...........
#.#.##.##########
#...##.##########
##†.##....#......


You could see an ice beast.


Message History

You reach to attack!
The helpless hobgoblin fails to defend itself.
You hit the hobgoblin. You closely miss the hobgoblin. You grab the hobgoblin.
You constrict the hobgoblin.
You kill the hobgoblin!
Lugonu accepts your kill.
Your Dodging skill increases to level 3!
No target in view!
As you read the scroll of identify {@r1}, it crumbles to dust.
r - 2 scrolls of enchant weapon You see here a hobgoblin corpse.
There is a shaft here.
A bat comes into view.
The bat closely misses you.
You hit the bat. Your grab misses the bat. The bat closely misses you.
The bat hits you but does no damage.
You completely miss the bat. You grab the bat. You constrict the bat.
You kill the bat!
Lugonu accepts your kill.
No target in view!
No target in view!
A hobgoblin comes into view.
A hobgoblin is nearby!
Found a stone staircase leading down.
You see here a scroll labelled OVVUNU OLATECH.
You reach to attack!
The helpless hobgoblin fails to defend itself.
You hit the hobgoblin.
You kill the hobgoblin!
Lugonu accepts your kill.
No target in view!
No target in view!
No target in view!
c - a scroll labelled OVVUNU OLATECH You see here a hobgoblin corpse.
s - a scroll of identify {@r1}
As you read the scroll of identify {@r1}, it crumbles to dust.
c - a scroll of vulnerability
s - a wand of polymorph (6) No target in view!
No target in view!
You now have 178 gold pieces (gained 8).
Key pressed, stopping explore.
t - a scroll of identify {@r1} You see here a hobgoblin corpse.
An ice beast comes into view.
Okay, then.
You reach to attack!
The helpless ice beast fails to defend itself.
You hit the ice beast. You hit the ice beast but do no damage.
You squeeze the ice beast, but do no damage.
The ice beast hits you. The ice beast freezes you! 😮 HP[-14]
You take 14 damage, and now have 23/37 hp.
MASSIVE DAMAGE!! (PAUSE)
You closely miss the ice beast.
The ice beast barely misses you. 😮 HP[+1]
You hit the ice beast. The ice beast barely misses you.
You hit the ice beast. You hit the ice beast but do no damage.
The ice beast barely misses you.
You hit the ice beast but do no damage.
You squeeze the ice beast, but do no damage.
The ice beast hits you. The ice beast freezes you!
* * * LOW HITPOINT WARNING * * *
😱 HP[-15]
You take 15 damage, and now have 9/37 hp.
MASSIVE DAMAGE!! (PAUSE)
Okay, then.
Okay, then.
Aiming: Throw Flame
Press: ? - help, Shift-Dir - straight line, f/p - ice beast
Aim: an ice beast (heavily wounded, 68% to hit)
Okay, then.
Aiming: Polymorph
Press: ? - help, Shift-Dir - straight line, f/p - ice beast
Aim: an ice beast (heavily wounded, will become a tengu, a bat, or a swamp drake, chance to affect: 46%)
Okay, then.
Aiming: Throw Flame
Press: ? - help, Shift-Dir - straight line, f/p - ice beast
Aim: an ice beast (heavily wounded, 68% to hit)
The puff of flame hits the ice beast!
The ice beast melts!
The ice beast closely misses you.
Aiming: Throw Flame
Press: ? - help, Shift-Dir - straight line, f/p - ice beast
Aim: an ice beast (almost dead, 68% to hit)
The puff of flame hits the ice beast but does no damage.
The ice beast hits you.
* * * LOW HITPOINT WARNING * * *
The ice beast freezes you.
* * * LOW HITPOINT WARNING * * *
😱 HP[-8]
You take 8 damage, and now have 1/37 hp.
MASSIVE DAMAGE!! (PAUSE)
Aiming: Throw Flame
Press: ? - help, Shift-Dir - straight line, f/p - ice beast
Aim: an ice beast (almost dead, 68% to hit)
The puff of flame misses the ice beast.
The ice beast hits you.
You die...

Skill      XL: |  1  2  3  4  5 |
---------------+----------------+-----
Stealth        | 1 2 3 |  3.8
Invocations    | 3 |  3.2
Polearms       | 3 |  3.0
Dodging        | 3 |  3.0
Fighting       | |  3.8

Action                   |  1- 3 |  4- 6 || total
-------------------------+-------+-------++-------
Melee: Spear             |   127 |    55 ||   182
       Constrict         |    24 |    11 ||    35
       Tentacles         |    18 |     6 ||    24
Throw: Dart              |       |     6 ||     6
Invok: Depart the Abyss  |     1 |       ||     1
Evoke: Wand              |       |     3 ||     3
  Use: Scroll            |     1 |     4 ||     5
       Potion            |       |     2 ||     2
 Stab: Sleeping          |    12 |     6 ||    18
Armor: Skin              |     8 |     2 ||    10
Dodge: Dodged            |    28 |    26 ||    54

Levels and vault maps discovered:
D:1:      lemuel_arrival_tunnels, layout_basic,
          shapermc_ecumenical_altar_flowoftime
D:2:      layout_rooms, uniq_terence, uniq_natasha
D:3:      layout_basic

Notes
Turn   | Place    | Note
-------+----------+-------------------------------------------
     0 | Abyss:1  | spiderkeys the Octopode Abyssal Knight began the quest for
                  | the Orb.
     0 | Abyss:1  | Reached XP level 1. HP: 16/16 MP: 2/2
     0 | Abyss:1  | magus.rc [v1.9.10]
    54 | Abyss:1  | Noticed a neqoxec
    75 | Abyss:2  | Noticed a hell hound
    78 | Abyss:2  | Noticed a hell hound
   133 | Abyss:2  | Noticed an ancient zyme
   147 | Abyss:2  | Noticed a quasit
   148 | D:1      | You pass through the gate.
   148 | D:1      | Escaped the Abyss
   194 | D:1      | Reached skill level 1 in Stealth
   324 | D:1      | Reached XP level 2. HP: 17/21 MP: 3/3
   521 | D:1      | Reached * piety under Lugonu
   523 | D:1      | HP: 5/21 [goblin (2)]
   789 | D:1      | Reached skill level 2 in Stealth
   995 | D:1      | Reached XP level 3. HP: 26/26 MP: 4/4
  1004 | D:1      | Found a faded altar of an unknown god.
  1840 | D:2      | Noticed Terence
  1904 | D:2      | Noticed Natasha
  1940 | D:2      | Killed Natasha
  1941 | D:2      | Reached skill level 3 in Stealth
  1941 | D:2      | Reached XP level 4. HP: 15/31 MP: 4/6
  2462 | D:2      | Noticed Natasha
  2473 | D:2      | Killed Natasha
  2474 | D:2      | Reached skill level 3 in Invocations
  2474 | D:2      | Reached XP level 5. HP: 32/36 MP: 7/7
  2533 | D:2      | Noticed Natasha
  2536 | D:2      | Killed Natasha
  2537 | D:2      | Reached skill level 3 in Polearms
  2596 | D:2      | HP: 3/37 [Terence (11)]
  2602 | D:2      | Killed Terence
  2936 | D:3      | Reached skill level 3 in Dodging
  3073 | D:3      | Noticed an ice beast
  3080 | D:3      | HP: 9/37 [ice beast (10)]
  3082 | D:3      | HP: 1/37 [ice beast (6)]
  3083 | D:3      | Slain by an ice beast

Vanquished Creatures
  Terence (D:2)
  Natasha (thrice) (D:2)
  3 adders (D:2)
  3 dart slugs (D:1)
  5 endoplasms
  4 giant cockroaches
  4 goblins
  4 hobgoblins
  6 jackals
  2 quokkas
  3 ball pythons
  7 bats
  4 kobolds (D:1)
  5 rats
54 creatures vanquished.

Vanquished Creatures (others)
  4 plants (D:1)
  2 withered plants (D:1)
6 creatures vanquished.

Grand Total: 60 creatures vanquished

Table legend:
 A = Non-vault XP
 B = Vault XP
 C = Vault XP percentage of total XP
 D = Non-vault monster count
 E = Vault monster count
 F = Vault count percentage of total count
                 A         B        C        D         E       F
            +---------+---------+-------+---------+---------+-------
      Total |     195 |      71 |  26.7 |      52 |       2 |   3.7
            +---------+---------+-------+---------+---------+-------
        D:1 |      54 |       0 |   0.0 |      29 |       0 |   0.0
        D:2 |     130 |      71 |  35.3 |      17 |       2 |  10.5
        D:3 |      11 |       0 |   0.0 |       6 |       0 |   0.0
            +---------+---------+-------+---------+---------+-------

Illustrated notes

Table legend:
 A = Kills in this place as a percentage of kills in entire the game.
 B = Kills by you in this place as a percentage of kills by you in the entire game.
 C = Kills by friends in this place as a percentage of kills by friends in the entire game.
 D = Other kills in this place as a percentage of other kills in the entire game.
 E = Experience gained in this place as a percentage of experience gained in the entire game.
 F = Experience gained in this place divided by the number of levels of this place that you have seen.
                   A       B       C       D       E      F
               +-------+-------+-------+-------+-------+----------------------
         Total | 100.0 | 100.0 |   N/A |   N/A | 100.0 |  53.2
       Dungeon | 100.0 | 100.0 |   N/A |   N/A | 100.0 |  88.7
               +-------+-------+-------+-------+-------+----------------------

Table legend: (Time is in decaauts)
 A = Elapsed time spent in this place.
 B = Non-inter-level travel time spent in this place.
 C = Inter-level travel time spent in this place.
 D = Time resting spent in this place.
 E = Time spent auto-exploring this place.
 F = Levels seen in this place.
 G = Mean time per level.
                   A        B        C        D        E       F      G
               +--------+--------+--------+--------+--------+-----+--------+
         Total |   3076 |   3007 |     69 |      0 |   2427 |   5 |  615.2 |
       Dungeon |   2928 |   2859 |     69 |      0 |   2423 |   3 |  976.0 |
         Abyss |    147 |    147 |      0 |      0 |      4 |   2 |   73.5 |
               +--------+--------+--------+--------+--------+-----+--------+

Top non-repeatable levels by time:
     D:1: 1558 daAuts
     D:2: 1105 daAuts
     D:3: 264 daAuts
 Abyss:2: 90 daAuts
 Abyss:1: 57 daAuts
